 Dungeon Crawl Stone Soup version 0.31.0-32-g396128a36d (webtiles) character file.

Game seed: 2132371161398419666

235 spaghetti the Caller (level 6, -8/51 HPs)
             Began as a Naga Summoner on Apr 3, 2024.
             Was a Believer of Kikubaaqudgha.
             Mangled by an ogre
             ... wielding a +0 giant club
              (23 damage)
             ... on level 4 of the Dungeon.
             The game lasted 00:06:37 (4018 turns).

spaghetti the Caller (Naga Summoner)                Turns: 4018, Time: 00:06:38

Health: -8/51      AC:  4    Str: 10    XL:     6   Next: 5%
Magic:  6/9        EV: 10    Int: 15    God:    Kikubaaqudgha [**....]
Gold:   1248       SH:  0    Dex: 22    Spells: 3/9 levels left

rFire   . . .        c - +4 longbow (elec)
rCold   . . .        (shield currently unavailable)
rNeg    . . .        a - +1 robe
rPois   +            (no helmet)
rElec   .            (no cloak)
rCorr   .            (no gloves)
SInv    +            (no barding)
Will    .....        e - amulet of faith
Stlth   ++++         j - +6 ring of dexterity
HPRegen 0.28/turn    (no ring)
MPRegen 0.11/turn

%: faith
@: inugami summoned, very slow
A: AC +2, large, see invisible, deformed body, poison resistance, slowness 2,
spit poison 1, naga tail 1, stinger 1, thin skeletal structure 1, devolution 1
a: Spit Poison, Renounce Religion, Unearth Wretches


You were on level 4 of the Dungeon.
You worshipped Kikubaaqudgha.
Kikubaaqudgha was pleased with you.
You visited 1 branch of the dungeon, and saw 4 of its levels.

You collected 1248 gold pieces.

Inventory:

Hand Weapons
 c - a +4 longbow of electrocution (weapon)
Armour
 a - a +1 robe (worn)
Jewellery
 e - an amulet of faith (around neck)
 i - an amulet of guardian spirit
 j - a +6 ring of dexterity (left hand)
Scrolls
 d - a scroll of fog
 f - 3 scrolls of teleportation
 k - a scroll of identify
 m - a scroll of poison
Potions
 b - a potion of magic
 g - 2 potions of resistance
 h - a potion of curing
 n - 3 potions of haste
 o - a potion of degeneration {unknown}


   Skills:
 - Level 1.6 Fighting
 + Level 4.1 Ranged Weapons
 - Level 1.5 Dodging
 - Level 3.0 Stealth
 - Level 2.0 Spellcasting
 + Level 4.6 Summonings
 + Level 0.8 Necromancy


You had 3 spell levels left.
You knew the following spells:

 Your Spells              Type           Power      Damage    Failure   Level
a - Summon Small Mammal   Summ           60%        N/A       3%          1
b - Call Imp              Summ           30%        N/A       4%          2
c - Call Canine Familiar  Summ           15%        N/A       10%         3

Your spell library contained the following spells:

 Spells                   Type           Power      Damage    Failure   Level
 Necrotise                Necr           16%        1d4       16%         1
 Sublimation of Blood     Necr           4%         N/A       24%         2
 Cigotuvi's Dreadful Rot  Necr/Alch/Air  4%         N/A       30%         2
 Lesser Beckoning         Tloc           2%         N/A       32%         2
 Fugue of the Fallen      Necr           4%         N/A       43%         3
 Gell's Gravitas          Tloc           1%         N/A       54%         3
 Teleport Other           Tloc           1%         N/A       54%         3
 Summon Blazeheart Golem  Fire/Summ      8%         N/A       65%         4
 Summon Lightning Spire   Summ/Air       8%         N/A       65%         4


Dungeon Overview and Level Annotations

Branches:
Dungeon (4/15)
 Temple: D:4-7

Altars:
Kikubaaqudgha
Okawaru


Innate Abilities, Weirdness & Mutations

Your serpentine skin is tough. (AC +2)
You have supernaturally acute eyesight. (SInv)
Armour fits poorly on your strangely shaped body.
Your system is resistant to poisons. (rPois)
You cover ground very slowly.
You can spit poison.
You have a snake-like lower body.
Your tail ends in a venomous barb.
You have a somewhat thin skeletal structure. (Dex +2, Stealth+)
You have hidden genetic defects.


Message History

You shoot an arrow. The arrow hits the ogre!
The ogre is heavily wounded.
The ogre hits you with a +0 giant club.
You shoot an arrow. The arrow hits the ogre.
The ogre is severely wounded.
The ogre closely misses you.
You shoot an arrow. The arrow hits the ogre.
The ogre is almost dead.
The ogre hits you with a +0 giant club!!
You are too injured to fight recklessly!
You are too injured to fight recklessly!
You are too injured to fight recklessly!
You are too injured to fight recklessly!
You are too injured to fight recklessly!
You are too injured to fight recklessly!
You are too injured to fight recklessly!
You are too injured to fight recklessly!
You are too injured to fight recklessly!
You are too injured to fight recklessly!
You are too injured to fight recklessly!
You are too injured to fight recklessly!
You are too injured to fight recklessly!
You are too injured to fight recklessly!
You are too injured to fight recklessly!
You are too injured to fight recklessly!
You are too injured to fight recklessly!
You are too injured to fight recklessly!
You are too injured to fight recklessly!
You are too injured to fight recklessly!
You are too injured to fight recklessly!
Casting: Call Canine Familiar (dangerous; 10% risk of failure)
Confirm with . or Enter, or press ? or * to list all spells.
You call for your canine familiar and it appears with a howl!
The ogre hits you with a +0 giant club!
* * * LOW HITPOINT WARNING * * *
You shoot an arrow. The arrow hits the ogre.
The ogre is almost dead.
The ogre hits you with a +0 giant club!!
You die...
Kikubaaqudgha rasps: "You have failed me!
Welcome... death!"

.......#......####.#######
.......#.........#.##.####
.#+#######.........#........
...................#........
...................#...>....
...................#........
............h...............
...........O#######.+#######
.#'####'###@#.$..$#.. ..
#......#$.$..#... .
#......#.._..#...)
#......#.$...#.....
#......#$...$#......
..'......###+###.......
...#.............
.####.....#......
#.....##+####


You could see an ogre (ally target) and a friendly inugami (summoned).

Vanquished Creatures
  A nameless horror (D:2)
  2 adders
  2 ribbon worms
  A dart slug (D:2)
  3 orcs (D:3)
  2 endoplasms
  3 giant cockroaches
  9 goblins
  8 hobgoblins
  A jackal (D:1)
  5 quokkas
  4 ball pythons
  5 bats
  3 frilled lizards (D:3)
  9 kobolds
  2 rats
60 creatures vanquished.

Vanquished Creatures (collateral kills)
  A water moccasin (D:3)
  Robin (D:3)
  A ribbon worm (D:2)
  4 ball pythons
  A giant cockroach (D:2)
  4 goblins
  2 hobgoblins
  2 jackals (D:1)
  A kobold (D:2)
  2 bats
  A frilled lizard (D:3)
  A rat (D:2)
21 creatures vanquished.

Grand Total: 81 creatures vanquished

Notes
Turn   | Place    | Note
-------+----------+-------------------------------------------
     0 | D:1      | spaghetti the Naga Summoner began the quest for the Orb.
     0 | D:1      | Reached XP level 1. HP: 15/15 MP: 3/3
   443 | D:1      | Reached skill level 1 in Fighting
   443 | D:1      | Reached XP level 2. HP: 20/25 MP: 1/5
  1230 | D:2      | Identified a scroll of acquirement
  1230 | D:2      | Acquired a +3 longbow of electrocution
  1230 | D:2      | HP: 1/25 [kobold/+0 dagger (1)]
  1305 | D:2      | Reached XP level 3. HP: 14/31 MP: 6/6
  1436 | D:2      | Learned a level 2 spell: Call Imp
  1442 | D:2      | Learned a level 3 spell: Call Canine Familiar
  1533 | D:2      | Reached skill level 1 in Ranged Weapons
  1830 | D:2      | Noticed a nameless horror
  1844 | D:2      | Killed a nameless horror
  1929 | D:2      | Found an ancient bone altar of Kikubaaqudgha.
  1961 | D:2      | Became a worshipper of Kikubaaqudgha
  2316 | D:2      | Reached XP level 4. HP: 38/38 MP: 7/7
  2687 | D:3      | Acquired 1069 gold pieces
  2830 | D:3      | Noticed a water moccasin
  2846 | D:3      | Killed a water moccasin
  2847 | D:3      | Reached XP level 5. HP: 42/44 MP: 4/8
  3032 | D:3      | Reached * piety under Kikubaaqudgha
  3032 | D:3      | Received a gift from Kikubaaqudgha
  3041 | D:3      | Noticed Robin
  3059 | D:3      | Killed Robin
  3382 | D:3      | Gained mutation: You have a somewhat thin skeletal
                  | structure. (Dex +2, Stealth+) [potion of mutation]
  3382 | D:3      | Gained mutation: You have hidden genetic defects. [potion
                  | of mutation]
  3382 | D:3      | Gained mutation: Your tail ends in a venomous barb. [potion
                  | of mutation]
  3499 | D:3      | Reached XP level 6. HP: 51/51 MP: 9/9
  3911 | D:4      | Found an iron altar of Okawaru.
  3918 | D:4      | Reached ** piety under Kikubaaqudgha
  4018 | D:4      | Mangled by an ogre

Illustrated notes

Levels and vault maps discovered:
D:1:      shiori_arrival_oz, layout_basic
D:2:      layout_loops_ring, basic_altar, grunt_decor_fettered
D:3:      layout_basic, chequers_serial_rivers_large_b, grunt_ministairs_8,
          minmay_misc_feat_nine_boxes, minivault_4, uniq_robin
D:4:      layout_gridville, nicolae_qazlal_beasts_of_the_sky,
          amcnicky_altar_gilded, uniq_natasha

Skill      XL: |  1  2  3  4  5 |
---------------+----------------+-----
Fighting       | 1 |  1.6
Ranged Weapons | 1 3 4 |  4.1
Dodging        | |  1.5
Stealth        | |  3.0
Spellcasting   | |  2.0
Summonings     | |  4.6
Necromancy     | |  0.8

Action                     |  1- 3 |  4- 6 || total
---------------------------+-------+-------++-------
  Melee: Unarmed           |    60 |       ||    60
   Fire: Longbow           |    20 |    73 ||    93
   Cast: Summon Small Mamm |    20 |       ||    20
         Call Imp          |     6 |     7 ||    13
         Call Canine Famil |     5 |     9 ||    14
Ability: Spit Poison       |    13 |       ||    13
    Use: Potion            |     4 |     1 ||     5
         Scroll            |     5 |     5 ||    10
   Stab: Sleeping          |     2 |       ||     2
 Armour: Robe              |    85 |    31 ||   116
  Dodge: Dodged            |    63 |    20 ||    83
